Map: Orbital Shipyard

Players

FlowerBoy

  • Race: Protoss Protoss
  • League: Master

Miszu - Winner!

  • Race: Protoss Protoss
  • League: Master

VOD

Have the link to the VOD?

Description

Time

  • Played on: Feb. 5, 2016, 7:13 a.m.
  • Length: 3:57
Show
View Real Time Build Order
Export as new Build Order

FlowerBoy Protoss 

Build Orders:  

Get SALT Encoding   

  12  0:02  Probe (Chrono Boost)  
  13  0:13  Probe (Chrono Boost)  
  14  0:23  Probe (Chrono Boost)  
  15  0:38  Pylon  
  15  0:43  Assimilator  
  15  0:58  Gateway  
  15  1:00  Gateway  
  15  1:04  Gateway  
  15  1:45  Cybernetics Core  
  17  1:47  Zealot (Chrono Boost)  
  17  1:50  Zealot (Chrono Boost)  
  17  1:53  Zealot (Chrono Boost)  
  21  1:56  Pylon  
  21  2:22  Stalker (Chrono Boost)  
  25  2:26  Stalker (Chrono Boost)  
  27  2:31  Stalker (Chrono Boost)  
  27  2:48  Stalker (Chrono Boost)  
  31  2:58  Stalker (Chrono Boost)  
  31  3:22  Stalker (Chrono Boost)  
Show
View Real Time Build Order
Export as new Build Order

Miszu Protoss - Winner!

Build Orders: 1 Gate Expand 

Get SALT Encoding   

  12  0:01  Probe (Chrono Boost)  
  13  0:11  Probe (Chrono Boost)  
  14  0:17  Pylon  
  14  0:22  Probe (Chrono Boost)  
  15  0:35  Probe (Chrono Boost)  
  16  0:36  Gateway  
  16  0:45  Probe (Chrono Boost)  
  17  0:51  Assimilator  
  17  0:56  Probe (Chrono Boost)  
  18  1:06  Probe (Chrono Boost)  
  19  1:17  Probe (Chrono Boost)  
  20  1:24  Nexus  
  20  1:30  Probe (Chrono Boost)  
  21  1:39  Cybernetics Core  
  21  1:42  Probe (Chrono Boost)  
  22  1:48  Pylon  
  22  1:58  Gateway  
  22  2:15  Stalker (Chrono Boost)  
  24  2:27  Gateway  
  24  2:33  Pylon  
  24  2:36  Mothership Core  
  26  2:41  Pylon  
  26  2:46  Zealot (Chrono Boost)  
  28  2:56  Zealot (Chrono Boost)  
  30  2:59  Pylon  
  30  3:10  Stalker (Chrono Boost)  
  32  3:18  Stalker (Chrono Boost)  
Tags
 
Add a new tag
Caveats
  • Supply blocks, unpowered buildings, or Contaminate may cause inaccurate times.
  • Supply counts are checked every 10 seconds.